Map: Newkirk Precinct TE (Void)

Players

Railgan - Winner!

  • Race: Zerg Zerg
  • League: Master
  • Spawn Location: 5:00

Fallenger

  • Race: Zerg Zerg
  • League: Master
  • Spawn Location: 7:00

VOD

Have the link to the VOD?

Description

Time

  • Played on: March 1, 2017, 3:14 p.m.
  • Length: 5:39
Show
View Real Time Build Order
Export as new Build Order

Railgan Zerg - Winner!

Build Orders: Hatch First 

Get SALT Encoding   

  12  0:01  Drone  
  13  0:13  Overlord  
  13  0:18  Drone  
  14  0:31  Drone x2  
  16  0:37  Drone  
  17  0:50  Drone  
  18  1:00  Drone, Hatchery  
  18  1:04  Extractor  
  17  1:15  Spawning Pool  
  17  1:17  Drone  
  17  1:21  Drone  
  18  1:28  Drone  
  19  1:39  Overlord  
  19  2:01  Zergling x2  
  19  2:02  Zergling x2, Queen  
  23  2:12  Drone x2  
  23  2:13  Queen  
  23  2:14  Metabolic Boost  
  27  2:26  Drone x2  
  29  2:36  Drone, Overlord  
  30  2:38  Queen  
  32  2:45  Drone  
  32  2:48  Roach Warren  
  32  2:51  Drone  
  33  2:58  Overlord  
  33  3:01  Drone  
  33  3:05  Overlord  
  32  3:27  Overlord  
  32  3:29  Roach x5  
  32  3:31  Roach  
  44  3:35  Roach  
  44  3:38  Overlord  
  46  3:46  Roach x2  
  50  3:49  Roach  
  50  3:54  Overlord  
  52  3:58  Zergling x4  
  52  4:01  Zergling x2  
  55  4:03  Zergling x2  
  55  4:06  Zergling x2  
  57  4:10  Zergling x2  
  57  4:13  Zergling x4  
  57  4:15  Zergling x2  
  59  4:19  Zergling x2  
  59  4:20  Zergling x2  
  61  4:26  Overlord  
  61  4:27  Zergling x2  
  61  4:29  Ravager  
  61  4:30  Zergling x2  
  64  4:32  Zergling x2  
  64  4:34  Zergling x2  
  64  4:38  Overlord  
  66  4:42  Zergling x2  
  65  4:46  Zergling x2  
  65  4:50  Zergling x4  
  63  4:58  Zergling x2  
  61  5:01  Zergling x2  
  61  5:05  Zergling x2  
  61  5:06  Roach  
  66  5:07  Roach  
  66  5:09  Zergling x2  
  64  5:15  Zergling x2  
  64  5:16  Zergling x2  
  64  5:19  Zergling x4  
Show
View Real Time Build Order
Export as new Build Order

Fallenger Zerg 

Build Orders: Hatch First 

Get SALT Encoding   

  12  0:00  Drone  
  13  0:13  Overlord  
  13  0:17  Drone  
  14  0:31  Drone x2  
  14  0:35  Drone  
  17  0:53  Hatchery  
  17  0:55  Drone  
  17  0:58  Drone  
  18  1:10  Extractor  
  17  1:13  Spawning Pool  
  17  1:16  Drone  
  17  1:20  Drone  
  18  1:28  Drone  
  19  1:40  Overlord  
  19  1:50  Drone  
  20  2:00  Queen  
  20  2:01  Zergling x2  
  23  2:04  Queen  
  23  2:05  Zergling x2  
  26  2:11  Drone  
  27  2:16  Drone  
  27  2:17  Metabolic Boost  
  27  2:22  Drone  
  29  2:27  Drone  
  30  2:36  Queen  
  32  2:47  Hatchery  
  31  2:55  Drone, Overlord  
  32  3:04  Drone x4  
  35  3:23  Drone  
  35  3:27  Roach Warren, Overlord x2  
  35  3:30  Zergling x2  
  35  3:33  Zergling x2  
  37  3:36  Zergling x4  
  39  3:44  Zergling x6  
  42  3:52  Zergling x6  
  45  3:57  Overlord  
  45  4:06  Overlord  
  45  4:11  Roach x3  
  48  4:17  Roach x2  
  50  4:25  Roach x2  
  50  4:29  Roach x2  
  57  4:32  Roach  
  57  4:36  Roach  
  61  4:45  Roach x2  
  53  5:05  Roach  
  53  5:06  Roach x4  
  55  5:07  Zergling x6  
  55  5:13  Roach  
  52  5:20  Roach  
Tags
 
Add a new tag
Caveats
  • Supply blocks, unpowered buildings, or Contaminate may cause inaccurate times.
  • Supply counts are checked every 10 seconds.